 Dungeon Crawl Stone Soup version 0.30-a0-989-g0d87f670db (webtiles) character file.

Game seed: 1871734656437947517

3317 Bnni the Geomancer (level 10, -5/79 HPs)
             Began as a Formicid Earth Elementalist on Apr 4, 2023.
             Was a Follower of Cheibriados.
             Slain by a gnoll
             ... wielding a +0 whip
             ... led by a gnoll sergeant
              (8 damage)
             ... on level 7 of the Dungeon.
             The game lasted 00:11:58 (6249 turns).

Bnni the Geomancer (Formicid Earth Elementalist)    Turns: 6249, Time: 00:11:59

Health: -5/79      AC:  2    Str: 15    XL:     10   Next: 21%
Magic:  11/24      EV: 12    Int: 21    God:    Cheibriados [*.....]
Gold:   364        SH:  0    Dex: 16    Spells: 6/16 levels left

rFire   . . .      SeeInvis +    t - +4 dire flail (protect)
rCold   . . .      Faith    .    (no shield)
rNeg    . . .      Spirit   .    a - +0 robe
rPois   .          Reflect  .    (helmet unavailable)
rElec   .          Rampage  .    (no cloak)
rCorr   .                        (no gloves)
Will    +....                    (no boots)
Stlth   +++                      y - amulet of regeneration
HPRegen 1.13/turn                o - ring of magical power
MPRegen 0.19/turn                (no ring)

@: very slow
A: permanent stasis, dig shafts and tunnels, antennae 3, four strong arms
a: Dig, Shaft Self, Renounce Religion, Bend Time


You were on level 7 of the Dungeon.
You worshipped Cheibriados.
Cheibriados was aware of your devotion.
You visited 1 branch of the dungeon, and saw 7 of its levels.
You also visited: Sewer.

You collected 364 gold pieces.

Inventory:

Hand Weapons
 t - a +4 dire flail of protection (weapon)
Missiles
 g - 6 poisoned darts
 r - 16 boomerangs of dispersal
Armour
 a - a +0 robe (worn)
 x - a +0 plate armour
 z - a +0 chain mail
Jewellery
 o - a ring of magical power (left hand)
 y - an amulet of regeneration (around neck)
Scrolls
 c - 4 scrolls of teleportation {unknown}
 d - 3 scrolls of magic mapping {unknown}
 h - 2 scrolls of noise {unknown}
 l - 3 scrolls of enchant armour {unknown}
 n - a scroll of immolation {unknown}
 u - 2 scrolls of vulnerability {unknown}
 v - a scroll of fog {unknown}
Potions
 b - a potion of magic
 e - a potion of heal wounds {unknown}
 f - 4 potions of might
 i - 2 potions of curing
 j - 2 potions of mutation {unknown}
 k - a potion of lignification {unknown}
 m - 2 potions of ambrosia {unknown}
 p - 2 potions of resistance
 q - 3 potions of cancellation
 s - a potion of invisibility {unknown}
 w - a potion of flight {unknown}


   Skills:
 + Level 7.5 Fighting
 + Level 2.1 Armour
 - Level 2.4 Dodging
 - Level 3.6 Stealth
 - Level 3.6 Spellcasting
 + Level 1.7 Summonings
 - Level 3.0 Transmutations
 * Level 12.5 Earth Magic
 + Level 2.2 Invocations


You had 6 spell levels left.
You knew the following spells:

 Your Spells              Type           Power      Damage    Failure   Level
a - Sandblast             Erth           100%       2d20      1%          1
b - Passwall              Tmut/Erth      30%        N/A       1%          2
c - Stone Arrow           Conj/Erth      60%        3d10      2%          3
d - Petrify               Tmut/Erth      36%        N/A       4%          4

Your spell library contained the following spells:

 Spells                   Type           Power      Damage    Failure   Level
 Summon Small Mammal      Summ           44%        N/A       6%          1
 Shock                    Conj/Air       12%        1d3       13%         1
 Cigotuvi's Dreadful Rot  Necr/Pois/Air  6%         N/A       19%         2
 Poisonous Vapours        Pois/Air       6%         N/A       19%         2
 Call Canine Familiar     Summ           11%        N/A       19%         3
 Summon Guardian Golem    Hex/Summ       7%         N/A       26%         3
 Mephitic Cloud           Conj/Pois/Air  3%         N/A       36%         3
 Airstrike                Air            1%         2d(1-17)  77%         4
 Swiftness                Air            Unusable   N/A       N/A         3

Dungeon Overview and Level Annotations

Branches:
Dungeon (7/15)             Temple (0/1) D:6           Sewer (visited)

Altars:
Cheibriados
Hepliaklqana
Sif Muna
Trog
Vehumet
The Shining One

Shops:
D:2 ?


Innate Abilities, Weirdness & Mutations

You cannot be hasted, slowed, berserked, paralysed or teleported.
You can dig through walls and to a lower floor.
You have a pair of large antennae on your head. (SInv)
Your four strong arms can wield two-handed weapons with a shield.


Message History

Your weapon exudes an aura of protection.
You kill the gnoll!
Cheibriados appreciates the change of pace.
The gnoll sergeant barely misses you. The orc hits you with a +0 whip.
* * * LOW HITPOINT WARNING * * *
The gnoll misses you.
You feel better. The gnoll sergeant barely misses you.
The orc barely misses you. The gnoll hits you with a +0 whip.
* * * LOW HITPOINT WARNING * * *
Casting: Sandblast (safe; 1% risk of failure)
Confirm with . or Enter, or press ? or * to list all spells.
Aiming: Stone Arrow (mildly dangerous; 2% risk of failure)
Press: ? - help, Shift-Dir - straight line, f - orc
Aim: an orc, wielding a +0 whip (74% to hit)
The stone arrow hits the orc!!
You kill the orc!
Cheibriados appreciates the change of pace.
The gnoll sergeant hits you but does no damage.
The gnoll barely misses you.
Casting: Stone Arrow (mildly dangerous; 2% risk of failure)
Confirm with . or Enter, or press ? or * to list all spells.
Aiming: Stone Arrow (mildly dangerous; 2% risk of failure)
Press: ? - help, Shift-Dir - straight line, f - gnoll sergeant
Aim: a gnoll sergeant, wielding a +0 spear and wearing a +0 scale mail (81% to hit)
The stone arrow hits the gnoll sergeant!
The gnoll sergeant is moderately wounded.
The gnoll sergeant hits you from afar with a +0 spear.
* * * LOW HITPOINT WARNING * * *
The gnoll barely misses you.
Casting: Stone Arrow (mildly dangerous; 2% risk of failure)
Confirm with . or Enter, or press ? or * to list all spells.
Aiming: Stone Arrow (mildly dangerous; 2% risk of failure)
Press: ? - help, Shift-Dir - straight line, f/p - gnoll sergeant
Aim: a gnoll sergeant, wielding a +0 spear and wearing a +0 scale mail (moderately wounded, 81% to hit)
The stone arrow hits the gnoll sergeant.
The gnoll sergeant is heavily wounded.
The gnoll sergeant hits you from afar with a +0 spear!
* * * LOW HITPOINT WARNING * * *
The gnoll hits you with a +0 whip!
You die...

#..........##
.......##
#..........#
...<....#
#..........#
........#
#..........#
........#
#..........#
........#
#..........#
.......g#
#.........##
......g)#
##..!..#..#
.[....)@#
#..####..#
........#
#### ##..#
.####...##
#...# ###..##
#...# ##..###
#...# ###..##
##...# ##..##
#....#
#...###....#
##....#....#


You could see a gnoll sergeant and a gnoll.

Vanquished Creatures
  A two-headed ogre (D:5)
  Pikel (D:4)
  Prince Ribbit (D:6)
  Menkaure (D:6)
  Edmund (D:4)
  3 water moccasins
  An orc warrior (D:5)
  2 ogres
  4 phantoms
  A bullfrog (D:7)
  3 kobold brigands (D:6)
  A scorpion (D:4)
  3 hounds
  3 jellies
  3 orc priests
  Jessica (D:3)
  7 iguanas
  An orc wizard (D:7)
  7 adders
  3 gnolls
  A shadow imp (D:5)
  2 worms
  A dart slug (D:2)
  10 orcs
  8 endoplasms
  A giant cockroach (D:3)
  5 goblins
  8 hobgoblins
  5 quokkas
  5 ball pythons
  11 bats
  4 frilled lizards
  18 kobolds
  4 rats
131 creatures vanquished.

Notes
Turn   | Place    | Note
-------+----------+-------------------------------------------
     0 | D:1      | Bnni the Formicid Earth Elementalist began the quest for
                  | the Orb.
     0 | D:1      | Reached XP level 1. HP: 13/13 MP: 3/3
   267 | D:1      | Reached XP level 2. HP: 16/19 MP: 5/5
   434 | D:1      | Reached XP level 3. HP: 24/24 MP: 6/6
   495 | D:1      | Reached skill level 4 in Earth Magic
   993 | D:2      | Learned a level 2 spell: Passwall
  1136 | D:2      | Reached XP level 4. HP: 30/30 MP: 5/7
  1488 | D:2      | Found The Oracle's Delphic Readings.
  2013 | D:3      | Reached XP level 5. HP: 18/35 MP: 6/9
  2148 | D:3      | Learned a level 3 spell: Stone Arrow
  2496 | D:3      | Noticed Jessica
  2506 | D:3      | Killed Jessica
  2560 | D:3      | Found a shimmering blue altar of Sif Muna.
  2685 | D:4      | Noticed a lemure
  2686 | D:4      | Noticed a lemure
  2686 | D:4      | Noticed a lemure
  2687 | D:4      | Noticed Pikel
  2889 | D:4      | Reached skill level 1 in Fighting
  2932 | D:4      | Reached skill level 5 in Earth Magic
  2932 | D:4      | Reached XP level 6. HP: 37/43 MP: 10/10
  3007 | D:4      | Learned a level 4 spell: Petrify
  3190 | D:4      | Found a glowing drain.
  3196 | Sewer    | Entered a sewer
  3242 | Sewer    | Noticed a water moccasin
  3250 | Sewer    | Killed a water moccasin
  3251 | Sewer    | Reached skill level 6 in Earth Magic
  3251 | Sewer    | Reached XP level 7. HP: 34/51 MP: 12/12
  3380 | D:4      | Found a glowing golden altar of the Shining One.
  3380 | D:4      | Found a radiant altar of Vehumet.
  3451 | D:4      | Noticed Edmund
  3523 | D:4      | Killed Edmund
  3601 | D:4      | Reached skill level 7 in Earth Magic
  3613 | D:4      | Found a hazy altar of Hepliaklqana.
  3727 | D:4      | Killed Pikel
  3728 | D:4      | Reached skill level 8 in Earth Magic
  3728 | D:4      | Reached XP level 8. HP: 56/61 MP: 13/13
  3832 | D:4      | Reached skill level 9 in Earth Magic
  4049 | D:5      | Entered Level 5 of the Dungeon
  4132 | D:5      | Reached skill level 5 in Fighting
  4426 | D:5      | Noticed a two-headed ogre
  4428 | D:5      | Found a bloodstained altar of Trog.
  4436 | D:5      | Killed a two-headed ogre
  4437 | D:5      | Reached skill level 10 in Earth Magic
  4437 | D:5      | Reached XP level 9. HP: 45/69 MP: 12/14
  5021 | D:6      | Reached skill level 11 in Earth Magic
  5290 | D:6      | Noticed Menkaure
  5295 | D:6      | Killed Menkaure
  5295 | D:6      | Noticed Prince Ribbit
  5301 | D:6      | Killed Prince Ribbit
  5302 | D:6      | Reached skill level 12 in Earth Magic
  5491 | D:6      | Reached XP level 10. HP: 48/79 MP: 15/15
  5553 | D:6      | Found a snail-covered altar of Cheibriados.
  5557 | D:6      | Became a worshipper of Cheibriados the Contemplative
  5596 | D:6      | Found a staircase to the Ecumenical Temple.
  5603 | D:6      | Reached skill level 1 in Armour
  5603 | D:6      | Reached skill level 1 in Invocations
  5685 | D:6      | Reached skill level 1 in Summonings
  6238 | D:7      | Reached * piety under Cheibriados
  6249 | D:7      | HP: 3/79 [gnoll sergeant/+0 spear (8)]
  6249 | D:7      | Slain by a gnoll

Illustrated notes

Levels and vault maps discovered:
D:1:      elethiomel_arrival_infinity_welcomes_careful_drivers,
          layout_loops_ring
D:2:      layout_loops_corners, minmay_misc_feat_ornament,
          nicolae_nh_oracle_at_delphi
D:3:      layout_loops_ring, tgw_sif
D:4:      layout_loops_ring, nzn_hepliaklqana_mist_gate,
          gammafunk_temple_overflow_pools, portal_sewer_entry_d, uniq_edmund,
          uniq_pikel
D:5:      layout_loops_corners, mainiacjoe_overflow_brackets
D:6:      layout_rooms, marbit_many_paths, minmay_temple_entry_wispy,
          kennysheep_nondescript, minmay_unpleasant_kobolds,
          uniq_prince_ribbit1, uniq_menkaure
D:7:      layout_cave_pods, serial_shops, nicolae_square_shop

Skill      XL: |  1  2  3  4  5  6  7  8  9 10 |
---------------+-------------------------------+-----
Dodging        | 2 |  2.4
Earth Magic    | 4 5 6 8 10 12 | 12.5
Stealth        | 3 |  3.6
Transmutations | 2 3 |  3.0
Spellcasting   | 3 |  3.6
Fighting       | 1 2 4 6 7 |  7.5
Armour         | 2 |  2.1
Invocations    | 2 |  2.2
Summonings     | 1 |  1.7

Action                     |  1- 3 |  4- 6 |  7- 9 | 10-12 || total
---------------------------+-------+-------+-------+-------++-------
  Melee: Unarmed           |     7 |       |       |       ||     7
         Short sword       |     8 |       |       |       ||     8
         Dagger            |     3 |     1 |    11 |       ||    15
         Dire flail        |       |       |    21 |     2 ||    23
   Cast: Sandblast         |    31 |    85 |    63 |    32 ||   211
         Petrify           |       |       |     5 |       ||     5
         Stone Arrow       |       |       |    12 |     3 ||    15
Ability: Dig               |       |     1 |       |       ||     1
    Use: Scroll            |       |       |     6 |       ||     6
         Potion            |       |       |       |     2 ||     2
   Stab: Sleeping          |       |     1 |       |       ||     1
         Petrified         |       |       |    15 |       ||    15
 Armour: Robe              |     6 |     8 |     5 |     4 ||    23
  Dodge: Dodged            |    19 |    40 |    30 |    26 ||   115

Table legend: (Time is in decaauts)
 A = Elapsed time spent in this place.
 B = Non-inter-level travel time spent in this place.
 C = Inter-level travel time spent in this place.
 D = Time resting spent in this place.
 E = Time spent auto-exploring this place.
 F = Levels seen in this place.
 G = Mean time per level.
                   A        B        C        D        E       F      G
               +--------+--------+--------+--------+--------+-----+--------+
         Total |   6535 |   6352 |    183 |    255 |   5096 |   8 |  816.9 |
       Dungeon |   6357 |   6174 |    183 |    255 |   4969 |   7 |  908.1 |
         Sewer |    177 |    177 |      0 |      0 |    127 |   1 |  177.0 |
               +--------+--------+--------+--------+--------+-----+--------+

Top non-repeatable levels by time:
     D:5: 1106 daAuts
     D:4: 1077 daAuts
     D:3: 1059 daAuts
     D:1: 952 daAuts
     D:2: 849 daAuts
     D:6: 834 daAuts
     D:7: 478 daAuts
   Sewer: 177 daAuts
